 Dungeon Crawl Stone Soup version 0.19-a0-1260-gc94d3f7 (webtiles) character file.

205 Amnesiac the Conjurer (level 5, -8/28 HPs)
             Began as a Deep Elf Wizard on Aug 28, 2016.
             Mangled by Vasilisck's ghost (18 damage)
             ... on level 5 of the Dungeon.
             The game lasted 00:03:23 (1953 turns).

Amnesiac the Conjurer (Deep Elf Wizard)             Turns: 1953, Time: 00:03:24

Health: -8/28      AC:  3    Str:  4    XL:     5   Next: 53%
Magic:  5/14       EV: 13    Int: 24    God:
Gold:   92         SH:  0    Dex: 13    Spells: 5 memorised, 3 levels left

rFire  . . .     SeeInvis .     (no weapon)
rCold  . . .     Gourm    .     a - +0 robe
rNeg   . . .     Faith    .     (no shield)
rPois  .         Spirit   .     b - +0 hat
rElec  .         Dismiss  .     (no cloak)
rCorr  .         Reflect  .     g - +0 pair of gloves
MR     .....     Harm     .     (no boots)
Stlth  ++........               (no amulet)
                                (no ring)
                                (no ring)

@: repel missiles
A: no striking features
a: no special abilities


You were on level 5 of the Dungeon.
You were not hungry.

You visited 1 branch of the dungeon, and saw 5 of its levels.

You collected 92 gold pieces.

Inventory:

Armour
 a - a +0 robe (worn)
 b - a +0 hat (worn)
 g - a +0 pair of gloves (worn)
Jewellery
 q - an uncursed ring of ice {unknown}
Scrolls
 k - a scroll of fog {unknown}
 l - a scroll of amnesia {unknown}
 m - 2 scrolls of remove curse {unknown}
 o - a scroll of enchant weapon {unknown}
 r - a scroll of noise {unknown}
 s - 3 scrolls of recharging {unknown}
Potions
 e - a potion of agility {unknown}
 i - a potion of might {unknown}
 j - a potion of heal wounds
 n - 2 potions of curing {unknown}
 p - a potion of mutation {unknown}
Books
 c - a book of Minor Magic

   Spells                             Type                      Level
   a - Magic Dart                     Conjuration                  1
   b - Blink                          Translocation                2
   c - Call Imp                       Summoning                    2
   d - Repel Missiles                 Charms/Air                   2
   e - Slow                           Hexes                        2
   f - Conjure Flame                  Conjuration/Fire             3
   g - Mephitic Cloud                 Conjuration/Poison/Air       3
Comestibles
 d - 4 bread rations
 f - a royal jelly
 h - a beef jerky
 t - 2 chunks of flesh


   Skills:
 - Level 2.4 Dodging
 - Level 2.4 Stealth
 + Level 5.0 Spellcasting
 * Level 5.7 Conjurations
   Level 1.1 Summonings
 - Level 1.1 Translocations


You had 3 spell levels left.
You knew the following spells:

 Your Spells              Type           Power        Failure   Level  Hunger
a - Repel Missiles        Chrm/Air       #.....       14%         2    None
b - Blink                 Tloc           N/A          12%         2    None
e - Mephitic Cloud        Conj/Pois/Air  ###.....     14%         3    ##.....
s - Conjure Flame         Conj/Fire      ###.....     10%         3    ##.....
z - Magic Dart            Conj           ####         1%          1    None


Dungeon Overview and Level Annotations

Branches:
Dungeon (5/15)
 Temple: D:4-7

Altars:

Shops:
D:5 *

Annotations:
D:5 Vasilisck's ghost, novice HOFi


Message History

Confirm with . or Enter, or press ? or * to list all spells.
Aiming: Magic Dart
Press: ? - help, Shift-Dir - straight line, f/p - Vasilisck's ghost
Aim: Vasilisck's ghost (flame, almost destroyed)
The magic dart hits Vasilisck's ghost.
Vasilisck's ghost is almost destroyed.
Vasilisck's ghost is engulfed in roaring flames.
Vasilisck's ghost hits you.
Casting: Magic Dart
Confirm with . or Enter, or press ? or * to list all spells.
Aiming: Magic Dart
Press: ? - help, Shift-Dir - straight line, f/p - Vasilisck's ghost
Aim: Vasilisck's ghost (flame, almost destroyed)
The magic dart hits Vasilisck's ghost.
Vasilisck's ghost is almost destroyed.
Vasilisck's ghost is engulfed in roaring flames.
Vasilisck's ghost hits you! Vasilisck's ghost hits you!!
Ouch! That really hurt!
You die...

#.# #.# #.# # #.# .# #.#
..#
#.##################...#
#..........))).........#
################.....>#
# #@###### # #W#### #
#....# # ####.# # #.#
#.. #.# #.. #.# #.. #.#
#.# #.# #.#


You could see Vasilisck's ghost.

Vanquished Creatures
  2 hounds (D:4)
  An orc wizard (D:5)
  2 worker ants (D:4)
  2 adders (D:4)
  A shadow imp (D:5)
  An ooze (D:1)
  A worm (D:2)
  2 giant geckos (D:4)
  5 orcs
  4 giant cockroaches
  2 goblins
  3 hobgoblins (D:1)
  2 kobolds (D:1)
  3 quokkas (D:4)
  A giant gecko skeleton (D:4)
  A giant newt (D:2)
  2 rats
35 creatures vanquished.

Notes
Turn   | Place    | Note
-------+----------+-------------------------------------------
     0 | D:1      | Amnesiac the Deep Elf Wizard began the quest for the Orb.
     0 | D:1      | Reached XP level 1. HP: 10/10 MP: 7/7
   185 | D:1      | Reached XP level 2. HP: 15/15 MP: 3/9
   207 | D:1      | Learned a level 2 spell: Repel Missiles
   210 | D:1      | Learned a level 2 spell: Blink
   648 | D:4      | Reached XP level 3. HP: 19/19 MP: 2/11
   653 | D:4      | Learned a level 3 spell: Mephitic Cloud
   657 | D:4      | Learned a level 3 spell: Conjure Flame
  1157 | D:4      | Reached XP level 4. HP: 24/24 MP: 2/12
  1402 | D:4      | Reached skill level 5 in Conjurations
  1429 | D:4      | Reached XP level 5. HP: 25/28 MP: 4/14
  1637 | D:5      | Entered Level 5 of the Dungeon
  1702 | D:5      | Found Raase's Assorted Antiques.
  1792 | D:5      | Reached skill level 5 in Spellcasting
  1911 | D:5      | Noticed Vasilisck's ghost (novice HOFi)
  1953 | D:5      | Mangled by Vasilisck's ghost

Vault maps used:
D:1:      tarquinn_simple_flora_water_e
D:2:      nrook_loot_triangle, serial_bayou_ford_a, minivault_23,
          minmay_misc_feat_diagonals
D:4:      first_bread
D:5:      kennysheep_ying_yang, serial_shops, shop, uniq_menkaure

Skill      XL: |  1  2  3  4  5 |
---------------+----------------+-----
Conjurations   | 2 3 4 5 |  5.7
Spellcasting   | 5 |  5.0
Dodging        | |  2.4
Stealth        | |  2.4
Summonings     | |  1.1
Translocations | |  1.1

Action                   |  1- 3 |  4- 6 || total
-------------------------+-------+-------++-------
Melee: Unarmed           |     3 |       ||     3
 Cast: Magic Dart        |    79 |    45 ||   124
       Repel Missiles    |     1 |       ||     1
       Conjure Flame     |       |     2 ||     2
  Use: Potion            |       |     2 ||     2
  Eat: Chunk             |     1 |     2 ||     3
Armor: Robe              |     2 |     1 ||     3
Dodge: Dodged            |     9 |    11 ||    20
